 Dungeon Crawl Stone Soup version 0.29-a0-323-g050149af67 (webtiles) character file.

Game seed: 14110428898517769986

284 spaghetti the Sneak (level 5, -3/41 HPs)
             Began as a Demigod Brigand on Apr 10, 2022.
             Slain by an orc
             ... wielding a +0 flail
              (8 damage)
             ... on level 5 of the Dungeon.
             The game lasted 00:07:04 (4667 turns).

spaghetti the Sneak (Demigod Brigand)               Turns: 4667, Time: 00:07:05

Health: -3/41      AC:  3    Str: 10 (12) XL:     5   Next: 78%
Magic:  1/9        EV: 13    Int: 12 (13) God:
Gold:   246        SH:  0    Dex: 19      Spells: 3/6 levels left

rFire   . . .      SeeInvis .   q - +2 dagger (venom) {short}
rCold   . . .      Faith    .   (no shield)
rNeg    . . .      Spirit   .   b - +0 robe
rPois   .          Reflect  .   (no helmet)
rElec   .          Harm     .   c - +0 cloak
rCorr   .          Rampage  .   (no gloves)
Will    .....                   (no boots)
Stlth   +++.......              (no amulet)
HPRegen 0.13/turn               (no ring)
MPRegen 0.11/turn               (no ring)

@: lethally poisoned (-3 -> -5), about to teleport, marked
A: high MP 1, forlorn, divine attributes
a: no special abilities


You were on level 5 of the Dungeon.
You visited 1 branch of the dungeon, and saw 5 of its levels.

You collected 246 gold pieces.


Innate Abilities, Weirdness & Mutations

You have an increased reservoir of magic. (+10% MP)
You shall have no god before yourself.
Your divine heritage dramatically boosts your attributes as you level up.


   Skills:
 - Level 1.7 Fighting
 - Level 1.7 Short Blades
 - Level 1.7 Throwing
 + Level 2.6 Dodging
 * Level 5.5 Stealth
 + Level 1.3 Spellcasting
 + Level 2.1 Conjurations


You had 3 spell levels left.
You knew the following spells:

 Your Spells              Type           Power      Damage    Failure   Level
a - Magic Dart            Conj           24%        1d4       12%         1
b - Searing Ray           Conj           12%        2d4       19%         2

Your spell library contained the following spells:

 Spells                   Type           Power      Damage    Failure   Level
 Blink                    Tloc           0%         N/A       41%         2
 Corpse Rot               Necr/Air       0%         N/A       41%         2
 Poisonous Vapours        Pois/Air       0%         N/A       41%         2
 Lesser Beckoning         Tloc           0%         N/A       65%         3
 Portal Projectile        Hex/Tloc       0%         N/A       65%         3
 Summon Guardian Golem    Hex/Summ       0%         N/A       65%         3
 Fulminant Prism          Conj/Hex       1%         3d6       88%         4
 Blade Hands              Tmut           0%         N/A       100%        5
 Excruciating Wounds      Necr           0%         N/A       100%        5
 Manifold Assault         Tloc           0%         N/A       100%        5
 Orb of Destruction       Conj           3%         9d5       100%        7
 Spellforged Servitor     Conj/Summ      1%         N/A       100%        7

Inventory:

Hand Weapons
 a - a +2 dagger {short}
 q - a +2 dagger of venom (weapon) {short}
   (You took it off a goblin on level 2 of the Dungeon)
Missiles
 d - 13 poisoned darts {throwing}
 e - 3 curare-tipped darts {=fthrowing}
 f - 141 stones {throwing}
Armour
 b - a +0 robe (worn)
 c - a +0 cloak (worn)
 g - a +0 plate armour
   (You found it on level 1 of the Dungeon)
Magical Staves
 l - a staff of death {!astaff}
   (You found it on level 1 of the Dungeon)
Jewellery
 r - an amulet of faith {!P}
   (You took it off a goblin on level 2 of the Dungeon)
Scrolls
 h - a scroll of teleportation {@r4}
 i - a scroll of noise {!r}
 k - 3 scrolls of identify {unknown}
 m - a scroll of immolation {unknown}
 o - a scroll of holy word {unknown}
 v - a scroll of magic mapping {unknown}
Potions
 j - a potion of cancellation
 n - a potion of magic

Dungeon Overview and Level Annotations

Branches:
Dungeon (5/15)
 Temple: D:4-7

Shops:
D:2 (

Annotations:
D:3 exclusion: statue
D:5 Duvessa

######################
#.....................
#...o.................
###()oY@.r..............
#....e#####...............
......#####..........≈≈≈≈≈
.....................≈§...
..............######.≈.≈≈≈
..............##.....≈.≈..
. .............+.....≈.≈._
...<........##.....§.≈..
########...........§.≈≈.


You could see Duvessa, an ice beast, 2 orcs and a quokka.


Message History

You lost 1 mp, and now have 5/9 mp.
You closely miss the orc.
The orc hits you with a +0 dagger. 😕 HP[-3]
You take 3 damage, and now have 38/41 hp.
You are too injured to fight recklessly!
You are too injured to fight recklessly!
You are too injured to fight recklessly!
You are too injured to fight recklessly!
You are too injured to fight recklessly!
You are too injured to fight recklessly!
You are too injured to fight recklessly!
You are too injured to fight recklessly!
You are too injured to fight recklessly!
You are too injured to fight recklessly!
You are too injured to fight recklessly!
You are too injured to fight recklessly!
You are too injured to fight recklessly!
You are too injured to fight recklessly!
You are too injured to fight recklessly!
Unknown command.
You hit the orc.
A scorpion comes into view.
The orc hits you but does no damage.
You hit the orc.
You kill the orc!
The orc barely misses you.
You feel your dexterity returning.
Casting: Magic Dart (safe; 13% risk of failure)
Confirm with . or Enter, or press ? or * to list all spells.
Aiming: Searing Ray (safe; 21% risk of failure)
Press: ? - help, Shift-Dir - straight line, f - orc
Aim: an orc, wielding a +0 short sword and quivering stones (74% to hit)
The searing ray hits the scorpion.
The searing ray misses the orc.
The searing ray hits the orc. (Press . to maintain the ray.)
The orc barely misses you.
The scorpion barely misses you. 😕 HP[+1] MP[-2]
You lost 2 mp, and now have 3/9 mp.
The searing ray hits the scorpion.
The searing ray hits the orc.
The scorpion stings you.
You are poisoned.
The scorpion poisons you!
Your magical contamination has completely faded away. 😕 HP[-4]
You take 4 damage, and now have 35/41 hp.
The searing ray hits the scorpion.
The searing ray hits the orc.
You kill the orc!
You feel very sick. The scorpion closely misses you.
An ice beast comes into view.
The orc closely misses you. 😕 HP[-3] MP[-1]
You take 3 damage, and now have 32/41 hp.
You lost 1 mp, and now have 2/9 mp.
Unknown command.
The searing ray hits the scorpion.
The searing ray hits the ice beast.
You finish channelling your searing ray.
You feel sick. The scorpion barely misses you. The orc closely misses you.
The orc hits you with a +0 dagger. 😮 HP[-6] MP[-1]
You take 6 damage, and now have 26/41 hp.
You lost 1 mp, and now have 1/9 mp.
Unknown command.
Unknown command.
Casting: Searing Ray (safe; 21% risk of failure)
Confirm with . or Enter, or press ? or * to list all spells.
You don't have enough magic to cast this spell.
Okay, then.
You hit the scorpion but do no damage.
The scorpion is poisoned.
You feel sick.
You kill the scorpion!
The orc barely misses you. The orc closely misses you.
You feel your dexterity returning. 😮 HP[-2]
You take 2 damage, and now have 24/41 hp.
Unknown command.
The orc attacks as you move away! The orc completely misses you.
You feel sick. The orc hits you with a +0 flail.
* * * LOW HITPOINT WARNING * * *
😨 HP[-4]
You take 4 damage, and now have 20/41 hp.
You feel sick.
A quokka comes into view. 😨 HP[-1]
You take 1 damage, and now have 19/41 hp.
As you read the scroll of teleportation {@r4}, it crumbles to dust.
You feel strangely unstable.
You feel sick. The ice beast hits you.
* * * LOW HITPOINT WARNING * * *
The ice beast freezes you!
* * * LOW HITPOINT WARNING * * *
The orc hits you with a +0 flail.
* * * LOW HITPOINT WARNING * * *
Duvessa, Sister of Dowan comes into view.
She is wielding a +0 short sword. 😱 HP[-14]
You take 14 damage, and now have 5/41 hp.
MASSIVE DAMAGE!! (PAUSE) Unknown command.
Okay, then.
The orc attacks as you move away! The orc hits you with a +0 flail!
You die...

Skill      XL: |  1  2  3  4  5 |
---------------+----------------+-----
Dodging        | 1 2 |  2.6
Stealth        | 4 5 |  5.5
Conjurations   | 1 2 |  2.1
Spellcasting   | 1 |  1.3
Fighting       | |  1.7
Short Blades   | |  1.7
Throwing       | |  1.7

Action                   |  1- 3 |  4- 6 || total
-------------------------+-------+-------++-------
Melee: Dagger            |   101 |    64 ||   165
 Cast: Magic Dart        |    40 |    55 ||    95
       Searing Ray       |       |     3 ||     3
  Use: Potion            |     4 |     5 ||     9
       Scroll            |       |     3 ||     3
 Stab: Sleeping          |     5 |     1 ||     6
Armor: Robe              |    14 |    11 ||    25
Dodge: Dodged            |    57 |    54 ||   111

Levels and vault maps discovered:
D:1:      evilmike_arrival_plus, layout_basic,
          ebering_ecumenical_altar_sacrificial, minivault_27
D:2:      layout_loops_ring, serial_shops, nicolae_shop_hallway_plus,
          item_on_display_a
D:3:      layout_rooms, mainiacjoe_overflow_chevrons, vehumet_statue,
          minmay_misc_feat_ornament, kennysheep_generic_room_13
D:4:      kennysheep_spiral_hall, layout_cave_pods
D:5:      layout_basic, fedhas_altar_decomposition, dancing_weapons_uskayaw,
          okawaru_ov_weapons_minmay, mainiacjoe_overflow_concentric_impassable,
          roderic_malta_cross, patterned_corridor, uniq_duvessa

Notes
Turn   | Place    | Note
-------+----------+-------------------------------------------
     0 | D:1      | spaghetti the Demigod Brigand began the quest for the Orb.
     0 | D:1      | Reached XP level 1. HP: 17/17 MP: 3/3
    26 | D:1      | magus.rc [v1.9.6]
    36 | D:1      | Reached skill level 1 in Dodging
   251 | D:1      | You pick up a book of Conjurations {@e2} and begin
                  | reading...
   251 | D:1      | You add the spells Magic Dart, Searing Ray and Fulminant
                  | Prism to your library.
   294 | D:1      | You pick up a book of Weapons and begin reading...
   294 | D:1      | You add the spells Portal Projectile, Excruciating Wounds
                  | and Blade Hands to your library.
   316 | D:1      | Reached skill level 4 in Stealth
   324 | D:1      | Reached XP level 2. HP: 24/24 MP: 4/4
   326 | D:1      | Learned a level 1 spell: Magic Dart
   413 | D:1      | You pick up a book of Spatial Translocations and begin
                  | reading...
   413 | D:1      | You add the spells Blink, Lesser Beckoning and Manifold
                  | Assault to your library.
  1063 | D:2      | Found Huc Qub's Antique Weapon Shoppe.
  1137 | D:2      | Reached XP level 3. HP: 24/29 MP: 5/5
  1237 | D:2      | You pick up a book of Dangerous Friends and begin
                  | reading...
  1237 | D:2      | You add the spells Summon Guardian Golem, Orb of
                  | Destruction and Spellforged Servitor to your library.
  1745 | D:2      | Reached skill level 1 in Conjurations
  2324 | D:3      | Reached skill level 2 in Dodging
  2324 | D:3      | Reached XP level 4. HP: 20/36 MP: 4/6
  2327 | D:3      | Learned a level 2 spell: Searing Ray
  2570 | D:3      | Noticed a frost-covered statue
  3152 | D:4      | Noticed an ogre
  3199 | D:4      | Reached skill level 5 in Stealth
  3329 | D:5      | Entered Level 5 of the Dungeon
  3530 | D:4      | Reached XP level 5. HP: 19/41 MP: 5/8
  3539 | D:4      | HP: 10/41 [orc/+0 hand axe (6)]
  3545 | D:4      | Reached skill level 1 in Spellcasting
  3550 | D:4      | Reached skill level 2 in Conjurations
  4111 | D:4      | Noticed a hornet
  4117 | D:4      | Paralysed by a hornet for 1 turns
  4119 | D:4      | Paralysed by a hornet for 3 turns
  4121 | D:4      | HP: 10/41 [hornet (2)]
  4126 | D:4      | HP: 5/41 [poisoned by a hornet]
  4622 | D:5      | You pick up a book of Vapours and begin reading...
  4622 | D:5      | You add the spells Poisonous Vapours and Corpse Rot to your
                  | library.
  4661 | D:5      | Noticed an ice beast
  4666 | D:5      | HP: 8/41 [ice beast (8)]
  4666 | D:5      | Noticed Duvessa
  4667 | D:5      | Slain by an orc

Vanquished Creatures
  A scorpion (D:5)
  2 orc priests
  An iguana (D:4)
  An orc wizard (D:4)
  3 adders
  A worm (D:2)
  A dart slug (D:2)
  13 orcs
  3 ball pythons
  A bat (D:2)
  8 endoplasms
  4 giant cockroaches
  2 hobgoblins
  7 jackals
  3 quokkas
  3 frilled lizards
  5 goblins
  5 kobolds
  8 rats
72 creatures vanquished.

Vanquished Creatures (others)
  7 fungi (D:3)
  6 plants (D:5)
13 creatures vanquished.

Grand Total: 85 creatures vanquished

Table legend:
 A = Non-vault XP
 B = Vault XP
 C = Vault XP percentage of total XP
 D = Non-vault monster count
 E = Vault monster count
 F = Vault count percentage of total count
                 A         B        C        D         E       F
            +---------+---------+-------+---------+---------+-------
      Total |     404 |       2 |   0.5 |      71 |       1 |   1.4
            +---------+---------+-------+---------+---------+-------
        D:1 |      29 |       0 |   0.0 |      19 |       0 |   0.0
        D:2 |      44 |       0 |   0.0 |      16 |       0 |   0.0
        D:3 |      84 |       2 |   2.3 |      16 |       1 |   5.9
        D:4 |     161 |       0 |   0.0 |      17 |       0 |   0.0
        D:5 |      86 |       0 |   0.0 |       3 |       0 |   0.0
            +---------+---------+-------+---------+---------+-------

Illustrated notes

Table legend:
 A = Kills in this place as a percentage of kills in entire the game.
 B = Kills by you in this place as a percentage of kills by you in the entire game.
 C = Kills by friends in this place as a percentage of kills by friends in the entire game.
 D = Other kills in this place as a percentage of other kills in the entire game.
 E = Experience gained in this place as a percentage of experience gained in the entire game.
 F = Experience gained in this place divided by the number of levels of this place that you have seen.
                   A       B       C       D       E      F
               +-------+-------+-------+-------+-------+----------------------
         Total | 100.0 | 100.0 |   N/A |   N/A | 100.0 |  81.2
       Dungeon | 100.0 | 100.0 |   N/A |   N/A | 100.0 |  81.2
               +-------+-------+-------+-------+-------+----------------------

Table legend: (Time is in decaauts)
 A = Elapsed time spent in this place.
 B = Non-inter-level travel time spent in this place.
 C = Inter-level travel time spent in this place.
 D = Time resting spent in this place.
 E = Time spent auto-exploring this place.
 F = Levels seen in this place.
 G = Mean time per level.
                   A        B        C        D        E       F      G
               +--------+--------+--------+--------+--------+-----+--------+
         Total |   4622 |   4516 |    106 |   1139 |   2816 |   5 |  924.4 |
       Dungeon |   4622 |   4516 |    106 |   1139 |   2816 |   5 |  924.4 |
               +--------+--------+--------+--------+--------+-----+--------+

Top non-repeatable levels by time:
     D:3: 1360 daAuts
     D:2: 1157 daAuts
     D:1: 981 daAuts
     D:4: 920 daAuts
     D:5: 202 daAuts
